 Dungeon Crawl Stone Soup version 0.31-a0-472-g43a2ca8e1b (webtiles) character file.

Game seed: 17476565357835934504

2659 Ethylacetat the Mimic (level 9, -4/70 HPs)
             Began as an Octopode Shapeshifter on Aug 6, 2023.
             Was an Initiate of Gozag.
             Slain by a two-headed ogre
             ... wielding a +0 giant spiked club
              (17 damage)
             ... on level 8 of the Dungeon.
             The game lasted 00:13:16 (6534 turns).

Ethylacetat the Mimic (Octopode Shapeshifter)       Turns: 6534, Time: 00:13:18

Health: -4/70      AC:  9    Str: 20    XL:     9   Next: 63%
Magic:  9/9        EV: 15    Int: 16    God:    Gozag
Gold:   674        SH:  0    Dex: 19    Spells: 6/8 levels left

rFire   . .          .
                       - Unarmed
rCold   + . .        (shield currently unavailable)
rNeg    . . .        (helmet currently unavailable)
rPois   .            (no amulet)
rElec   .            d - ring of see invisible
rCorr   .            g - ring "Weven" {rC+ EV+5 Int+6 Dex+3 SInv}
SInv    +            (no ring)
Will    .....        (no ring)
Stlth   ++           (no ring)
HPRegen 0.31/turn    (no ring)
MPRegen 0.11/turn    (no ring)
                     (no ring)

%: no passive effects
@: snake-form, studying Summonings
A: constrict, boosted hp, almost no armour, amphibious, 8 rings, large,
(camouflage 1), (gelatinous body 1), (nimble swimmer 1), (tentacles),
(iridescent scales 1), noise suppression
a: Begin Untransformation, Renounce Religion, Potion Petition, Call Merchant,
Bribe Branch


You were on level 8 of the Dungeon.
You worshipped Gozag.
Gozag was pleased with you.
You were an enormous anaconda.
You visited 2 branches of the dungeon, and saw 9 of its levels.
You also visited: Sewer.

You collected 727 gold pieces.
You paid 53 gold pieces to Gozag.

Inventory:

Missiles
 t - 2 curare-tipped darts (quivered)
Jewellery
 d - a ring of see invisible (left tentacle)
 g - the ring "Weven" (right tentacle) {rC+ EV+5 Int+6 Dex+3 SInv}
   (You took it off a gnoll on level 6 of the Dungeon)

   [ring of evasion]

   EV:        It affects your evasion (+5).
   Int:       It affects your intelligence (+6).
   Dex:       It affects your dexterity (+3).
   rC:        It protects you from cold.
   SInv:      It lets you see invisible.
Talismans
 b - a beast talisman
 u - a serpent talisman (active)
Wands
 f - a wand of flame (27)
 h - a wand of charming (7)
 v - a wand of polymorph (20)
Scrolls
 c - a scroll of acquirement {unknown}
 e - 4 scrolls of identify {unknown}
 k - 2 scrolls of silence {unknown}
 l - 3 scrolls of fear {unknown}
 m - a scroll of fog {unknown}
 n - 4 scrolls of noise {unknown}
 o - a scroll of vulnerability {unknown}
 p - a scroll of revelation {unknown}
 q - 2 scrolls of teleportation {unknown}
 r - 2 scrolls of poison {unknown}
 w - a scroll of brand weapon {unknown}
Potions
 a - a potion of lignification
 i - 2 potions of heal wounds
 j - 3 potions of might
 s - a potion of ambrosia


   Skills:
 + Level 6.4 Fighting
 - Level 2.0 Dodging
 + Level 7.1 Unarmed Combat
 * Level 8.2 Shapeshifting


You had 6 spell levels left.
You knew the following spells:

 Your Spells              Type           Power      Damage    Failure   Level
a - Wereblood             Tmut           0%         N/A       36%         2

Your spell library contained the following spells:

 Spells                   Type           Power      Damage    Failure   Level
 Static Discharge         Conj/Air       0%         2-2/arc   36%         2
 Portal Projectile        Hex/Tloc       0%         N/A       58%         3
 Tukima's Dance           Hex            0%         N/A       58%         3
 Airstrike                Air            0%         2d(0-16)  94%         4
 Iskenderun's Mystic Bla  Conj/Tloc      0%         2d3       94%         4
 Summon Lightning Spire   Summ/Air       0%         N/A       94%         4
 Irradiate                Conj/Tmut      0%         3d11      100%        5


Dungeon Overview and Level Annotations

Branches:
Dungeon (8/15)             Temple (1/1) D:4            Lair (0/5) D:8
  Sewer (visited)

Altars:
Ashenzari
Cheibriados
Dithmenos
Elyvilon
Fedhas
Gozag
Hepliaklqana
Kikubaaqudgha
Makhleb
Nemelex Xobeh
Okawaru
Qazlal
Sif Muna
Trog
Uskayaw
Vehumet
Wu Jian
Xom
Yredelemnul
Zin
The Shining One


Innate Abilities, Weirdness & Mutations

You are an enormous anaconda.
You have a powerful constriction melee attack.
Your maximum health is increased.
Your armour is entirely melded.
You are incapable of wielding weapons or throwing items.
You cannot wear most types of armour.
You are amphibious.
You can wear up to eight rings at the same time.
((Your skin changes colour to match your surroundings (Stealth+).))
((Your rubbery body absorbs attacks. (AC +1, EV +1)))
((You are camouflaged when in or above water. (Stealth+)))
((You have tentacles for arms and can constrict up to eight enemies at once.))
((You are partially covered in iridescent scales. (AC +2)))
You passively dampen the noise of your surroundings.


Message History

You open the door.
Found a stone staircase leading down.
There is an open door, spattered with blood here.
Found a staircase to the Lair.
You now have 674 gold pieces (gained 12).
As you open the door, it creaks loudly!
There is an open door here.
Found a maw talisman.
You open the door.
There is an open door here.
A two-headed ogre comes into view.
It is wielding a +0 giant spiked club and a +0 giant club.
The two-headed ogre shouts in stereo!
Aiming: Polymorph
Press: ? - help, Shift-Dir - straight line, f - two-headed ogre
Aim: a two-headed ogre, wielding a +0 giant spiked club and a +0 giant club (will become a shining eye, a floating eye, or a glowing orange brain, chance to affect: 31%)
The two-headed ogre easily resists.
Aiming: Polymorph
Press: ? - help, Shift-Dir - straight line, f/p - two-headed ogre
Aim: a two-headed ogre, wielding a +0 giant spiked club and a +0 giant club (will become a shining eye, a floating eye, or a glowing orange brain, chance to affect: 31%)
The two-headed ogre easily resists.
You barely miss the two-headed ogre. You grab the two-headed ogre.
You constrict the two-headed ogre.
The two-headed ogre hits you but does no damage.
The two-headed ogre hits you with a +0 giant club!
You hit the two-headed ogre but do no damage.
The two-headed ogre is lightly wounded.
You constrict the two-headed ogre.
You body-slam the two-headed ogre!!
The two-headed ogre is heavily wounded.
You constrict the two-headed ogre, but do no damage.
The two-headed ogre hits you with a +0 giant spiked club!!
The two-headed ogre barely misses you.
You lash the two-headed ogre!
The two-headed ogre is heavily wounded.
You constrict the two-headed ogre.
The two-headed ogre hits you with a +0 giant spiked club!!
* * * LOW HITPOINT WARNING * * *
The two-headed ogre hits you with a +0 giant club!
You die...
Your body crumbles into a pile of gold.

.#....#...#....#
.##'###...#....#.....#
......#.<.##...#.....#
......######...#.....#
......# ##...#.....#
......# #....#.....#
......# #....#.....#
......# ##...#.....#
....... #...'S....#
........ #####O....#
......# ..........
...........
............
.............
#.....#####...


You could see a two-headed ogre.

Vanquished Creatures
  Maggie (D:7)
  An acid dragon (D:8)
  A water moccasin (D:6)
  2 orc warriors
  An ice beast (D:5)
  A black bear (D:5)
  An ogre (D:5)
  3 phantoms
  The ghost of Rocke the Trooper, an amateur GrFi (D:3)
  A bullfrog (D:6)
  2 gnoll sergeants (D:6)
  3 scorpions
  3 wights (D:6)
  2 howler monkeys
  A bullfrog zombie (D:3)
  3 gnoll boudas
  2 hounds
  4 iguanas (D:5)
  2 orc wizards
  A sleepcap (D:5)
  A hell rat (Sewer)
  Natasha (thrice) (D:2)
  A howler monkey skeleton (D:3)
  15 gnolls
  9 adders
  2 river rats (Sewer)
  3 white imps (D:7)
  An ufetubus (D:4)
  3 worms
  The ghost of gyole the Sneak, a weakling KoDe (D:6)
  10 orcs
  7 ball pythons
  3 endoplasms
  4 giant cockroaches
  4 hobgoblins
  5 kobolds
  4 quokkas
  3 bats
  A frilled lizard (D:2)
  4 goblins
  14 rats
134 creatures vanquished.

Notes
Turn   | Place    | Note
-------+----------+-------------------------------------------
     0 | D:1      | Ethylacetat the Octopode Shapeshifter began the quest for
                  | the Orb.
     0 | D:1      | Reached XP level 1. HP: 13/13 MP: 1/1
    63 | D:1      | You fall into a shaft and drop 1 floor!
   198 | D:2      | Noticed Natasha
   203 | D:2      | Reached XP level 2. HP: 11/18 MP: 2/2
   205 | D:2      | Killed Natasha
   206 | D:2      | Reached XP level 3. HP: 16/24 MP: 3/3
   375 | D:2      | Noticed Natasha
   388 | D:2      | Killed Natasha
   389 | D:2      | Reached XP level 4. HP: 24/29 MP: 4/4
   545 | D:2      | Noticed Natasha
   554 | D:2      | Killed Natasha
   617 | D:2      | Found a faded altar of an unknown god.
   662 | D:2      | Reached skill level 4 in Shapeshifting
   665 | D:2      | Reached XP level 5. HP: 19/35 MP: 5/5
  1031 | D:3      | Found a glowing golden altar of the Shining One.
  1070 | D:3      | Found a sparkling altar of Nemelex Xobeh.
  1102 | D:3      | Found a transporter.
  1106 | D:3      | Found a transporter.
  1106 | D:3      | Noticed Rocke's ghost (amateur GrFi)
  1172 | D:3      | Found a glowing drain.
  1192 | Sewer    | Entered a sewer
  1780 | D:3      | Reached XP level 6. HP: 41/41 MP: 6/6
  1785 | D:3      | Killed Rocke's ghost
  1932 | D:4      | Found a hazy altar of Hepliaklqana.
  1934 | D:4      | Found a basalt altar of Yredelemnul.
  2031 | D:4      | Found a staircase to the Ecumenical Temple.
  2043 | Temple   | Entered the Ecumenical Temple
  2071 | Temple   | Became a worshipper of Gozag Ym Sagoz the Greedy
  2113 | D:4      | Reached skill level 5 in Shapeshifting
  2675 | D:5      | Entered Level 5 of the Dungeon
  2679 | D:5      | Noticed a black bear
  2688 | D:5      | Reached XP level 7. HP: 32/46 MP: 7/7
  2698 | D:5      | Reached skill level 5 in Unarmed Combat
  2843 | D:5      | Reached skill level 6 in Shapeshifting
  2843 | D:5      | Reached XP level 8. HP: 5/54 MP: 8/8
  3518 | D:6      | Reached skill level 5 in Fighting
  3667 | D:6      | Reached skill level 7 in Shapeshifting
  3899 | D:6      | Learned a level 2 spell: Wereblood
  3933 | D:6      | Reached XP level 9. HP: 57/61 MP: 9/9
  4054 | D:6      | Identified the ring "Weven" {rC+ EV+5 Int+6 Dex+3 SInv}
  4055 | D:6      | Noticed gyole's ghost (weakling KoDe)
  4067 | D:6      | Found a transporter.
  4070 | D:6      | Found a transporter.
  4417 | D:6      | Gained mutation: You passively dampen the noise of your
                  | surroundings. [potion of mutation]
  4417 | D:6      | Gained mutation: You are partially covered in iridescent
                  | scales. (AC +2) [potion of mutation]
  4420 | D:6      | Killed gyole's ghost
  4922 | D:7      | Noticed Maggie
  4938 | D:7      | Killed Maggie
  5229 | D:7      | Reached skill level 8 in Shapeshifting
  6470 | D:8      | Found a staircase to the Lair.
  6528 | D:8      | Noticed a two-headed ogre
  6534 | D:8      | Slain by a two-headed ogre

Illustrated notes

Levels and vault maps discovered:
D:1:      lemuel_arrival_funnel, layout_basic, minmay_ruptured
D:2:      layout_loops_ring, nicolae_ecumenical_lake_church, roderic_lattice_a,
          uniq_natasha
D:3:      layout_basic, nemelex_altar_shiori, nicolae_tso_carved_into_rock,
          portal_sewer_entry_a, gammafunk_ghost_mausoleum, minmay_hedge_maze
D:4:      layout_loops_ring, nicolae_overflow_hidden_temple,
          minmay_temple_entry_wispy, kennysheep_nub, chequers_decorated_corner
D:5:      layout_rooms, corexii_corridor_pit
D:6:      layout_basic, gammafunk_ghost_gnarly_gnolls
D:7:      layout_layer_cave, kennysheep_cross_bottleneck, nicolae_the_louvre,
          uniq_maggie
D:8:      layout_gridville, lair_entry_dummy, nicolae_doodle_vault
Temple:   bh_familiar_temple

Skill      XL: |  1  2  3  4  5  6  7  8  9 |
---------------+----------------------------+-----
Fighting       | 2 3 4 5 6 |  6.4
Shapeshifting  | 4 5 6 7 8 |  8.2
Unarmed Combat | 4 5 6 7 |  7.1
Dodging        | |  2.0

Action                     |  1- 3 |  4- 6 |  7- 9 || total
---------------------------+-------+-------+-------++-------
  Melee: Unarmed           |    25 |   119 |   181 ||   325
         Constrict         |     5 |    32 |    32 ||    69
         Tentacles         |     5 |    24 |       ||    29
  Evoke: Wand              |       |     3 |    10 ||    13
    Use: Potion            |       |       |     9 ||     9
   Stab: Sleeping          |     7 |    13 |     3 ||    23
 Armour: Skin              |     1 |    10 |    91 ||   102
  Dodge: Dodged            |     8 |    80 |    81 ||   169
   Form: Anaconda          |       |     1 |       ||     1

Table legend: (Time is in decaauts)
 A = Elapsed time spent in this place.
 B = Non-inter-level travel time spent in this place.
 C = Inter-level travel time spent in this place.
 D = Time resting spent in this place.
 E = Time spent auto-exploring this place.
 F = Levels seen in this place.
 G = Mean time per level.
                   A        B        C        D        E       F      G
               +--------+--------+--------+--------+--------+-----+--------+
         Total |   6502 |   6238 |    264 |    384 |   4691 |  10 |  650.2 |
       Dungeon |   6222 |   6001 |    221 |    384 |   4520 |   8 |  777.8 |
        Temple |     59 |     16 |     43 |      0 |      0 |   1 |   59.0 |
         Sewer |    219 |    219 |      0 |      0 |    171 |   1 |  219.0 |
               +--------+--------+--------+--------+--------+-----+--------+

Top non-repeatable levels by time:
     D:7: 1503 daAuts
     D:6: 1391 daAuts
     D:4: 901 daAuts
     D:2: 900 daAuts
     D:5: 668 daAuts
     D:3: 663 daAuts
   Sewer: 219 daAuts
     D:8: 131 daAuts
     D:1: 62 daAuts
  Temple: 59 daAuts
